Ducks vs Oilers

Created - 4 janvier 2018 at 15:55

Goals
1 2 3 T
Ducks 0 0 1 1
Oilers 3 2 1 6
Shots
1 2 3 T
Ducks 12 7 4 23
Oilers 20 10 8 38

1st period

1. Oilers , Vincent Lecavalier 19 (Daniel Sedin 30, Dougie Hamilton 21) at 3:23
2. Oilers , Tim Connolly 13 (Pavel Datsyuk 17, Marc-Andre Gragnani 7) at 16:58
3. Oilers , Daniel Sedin 22 (Andrej Sekera 30, Thomas Vanek 18) at 19:35 (PP)

Penalties :
Dan Girardi (ANA) for Hooking (Minor) at 3:37, Vincent Lecavalier (EDM) for Interference (Minor) at 4:18, Dan Girardi (ANA) for Hooking (Minor) at 10:11, Craig Weller (ANA) for Holding (Minor) at 19:27

2nd period

4. Oilers , Thomas Vanek 15 (Tom Gilbert 26, Vincent Lecavalier 34) at 0:46 (PP)
5. Oilers , Mike Hoffman 5 (Andrej Sekera 31, T.J. Galiardi 13) at 5:22

Penalties :
Dan Girardi (ANA) for Hooking (Minor) at 0:40, Raphael Diaz (ANA) for Holding (Minor) at 9:11, Craig Weller (ANA) for Holding (Minor) at 14:20

3rd period

6. Ducks , David Moss 3 (Dan Girardi 14) at 13:05
7. Oilers , Daniel Tjarnqvist 7 (Tom Gilbert 27, Mike Hoffman 11) at 14:15

Penalties :
Dan Girardi (ANA) for Tripping (Minor) at 14:35

Goalie Stats

Adam Dennis (ANA), 14 saves from 16 shots - (0,875), 39:14 minutes
Jonathan Boutin (ANA), 18 saves from 22 shots - (0,818), L, 17-13-2, 20:46 minutes
Ben Bishop (EDM), 22 saves from 23 shots - (0,957), W, 22-13-1, 60:00 minutes

Players Stats for Ducks

Player Name              G  A  P  +/- PIM S  H  SB GA TA FO     MP     PP MP  PK MP  
------------------------------------------------------------------------------------
Adam Taylor              0  0  0   0  0   5  0  0  0  0  1/1    13:40   0:00   0:00 
Alexandre R. Picard      0  0  0  -2  0   0  1  1  0  0  0/0    17:54   0:41   2:43 
Bill Thomas              0  0  0   0  0   1  0  0  0  0  0/2     7:41   0:00   0:00 
Brooks Laich             0  0  0   0  0   3  0  1  0  0  3/11   20:15   0:00   5:33 
Charles Linglet          0  0  0  -3  0   3  1  0  0  0  1/1    19:16   0:41   3:18 
Christopher Tanev        0  0  0   0  0   0  2  3  0  0  0/0    24:23   0:00   5:31 
Craig Weller             0  0  0  -2  4   3  4  0  0  0  0/0    14:12   0:00   0:00 
Dan Girardi              0  1  1  -1  8   0  3  1  0  0  0/0    19:01   0:00   1:59 
David Moss               1  0  1   0  0   1  0  0  0  0  2/6    15:52   0:00   3:04 
Jiri Hudler              0  0  0   0  0   0  0  0  0  0  0/9    13:26   0:41   5:20 
Justin Braun             0  0  0  -1  0   0  0  3  0  0  0/0    22:24   0:00   5:02 
Marcus Johansson         0  0  0   0  0   1  0  0  0  0  1/1    13:04   0:00   0:00 
Mike Richards            0  0  0   0  0   2  2  0  0  0  7/15   13:40   0:00   0:00 
Nicklas Bergfors         0  0  0   0  0   0  0  0  0  0  0/0     7:25   0:00   0:00 
Petteri Wirtanen         0  0  0   0  0   0  3  0  0  0  8/16   13:29   0:41   0:00 
Raphael Diaz             0  0  0   0  2   1  2  2  0  0  0/0    21:59   0:41   2:27 
Ryan Johansen            0  0  0  -3  0   2  0  1  0  0  11/19  16:19   0:00   0:00 
Ryane Clowe              0  0  0  -3  0   1  3  0  0  0  0/1    15:44   0:00   0:27 

Players Stats for Oilers

Player Name              G  A  P  +/- PIM S  H  SB GA TA FO     MP     PP MP  PK MP  
------------------------------------------------------------------------------------
Andrej Sekera            0  2  2   1  0   5  0  2  0  0  0/0    22:02   4:29   0:22 
Daniel Sedin             1  1  2   1  0   5  0  0  0  0  0/3    19:17   4:01   0:00 
Daniel Tjarnqvist        1  0  1   1  0   1  1  0  0  0  0/0    21:52   4:22   0:22 
Dougie Hamilton          0  1  1   1  0   0  2  1  0  0  0/0    17:11   0:00   0:00 
J.P. Dumont              0  0  0   2  0   2  0  0  0  0  2/2    12:46   0:00   0:19 
James Van Riemsdyk       0  0  0   0  0   4  3  0  0  0  0/1    21:30   4:50   0:00 
Jared Spurgeon           0  0  0   1  0   0  3  1  0  0  0/0    20:28   4:00   0:19 
Jori Lehtera             0  0  0   0  0   0  0  0  0  0  11/12   6:27   0:00   0:22 
Marc-Andre Gragnani      0  1  1   1  0   1  0  1  0  0  0/0    14:38   0:00   0:00 
Mark Arcobello           0  0  0   0  0   0  1  0  0  0  0/1     5:59   0:00   0:22 
Mike Hoffman             1  1  2   2  0   3  2  0  0  0  0/2    12:05   0:00   0:00 
Pavel Datsyuk            0  1  1   0  0   3  1  2  0  0  11/21  21:16   4:36   0:00 
Ryan Carter              0  0  0   0  0   0  1  0  0  0  0/0     5:37   0:00   0:00 
T.J. Galiardi            0  1  1   2  0   1  1  0  0  0  5/12   13:00   0:14   0:19 
Thomas Vanek             1  1  2   1  0   4  0  0  0  0  0/0    19:17   4:01   0:00 
Tim Connolly             1  0  1   0  0   5  0  0  0  0  1/1    21:30   4:50   0:00 
Tom Gilbert              0  2  2   1  0   1  1  1  0  0  0/0    23:49   4:51   0:19 
Vincent Lecavalier       1  1  2   1  2   3  2  1  0  0  18/27  19:16   4:00   0:00 

3 Stars

1 - Mike Hoffman (EDM)
2 - Daniel Sedin (EDM)
3 - Thomas Vanek (EDM)

Power Play

Ducks - 0 on 1 Attempt(s) - 0,00%
Oilers - 2 on 7 Attempt(s) - 28,57%

Penalty Kill

Ducks - 5 on 7 Attempt(s) - 71,43% - Score 0 goal in Penalty Kill
Oilers - 1 on 1 Attempt(s) - 100,00% - Score 0 goal in Penalty Kill

Team Stat

Ducks - Hits : 21 - Faceoff Wins : 34 - Blocked Shots : 12 - Penalty Minutes : 14
Oilers - Hits : 18 - Faceoff Wins : 48 - Blocked Shots : 9 - Penalty Minutes : 2

Official

Referees : Alex Garon and Chris Rooney
Linesman : Ryan Galloway and Francois Dussureault

Game Notes

Adam Dennis enters game at 0:46 of 2nd period

Finance

Level 1 -- Attendance: 6250 (100,00%) -- Ticket Income 562 500 $
Level 2 -- Attendance: 5250 (100,00%) -- Ticket Income 315 000 $
Level 3 -- Attendance: 2250 (100,00%) -- Ticket Income 78 750 $
Level 4 -- Attendance: 4250 (100,00%) -- Ticket Income 106 250 $
Luxury Box -- Attendance: 1000 (100,00%) -- Ticket Income 190 000 $
Game was played at the Rexall Place.
Total Attendance: 19000 (100,00%)
Total Ticket Income: 1 252 500 $
Other Income: 613 725 $
Total Income: 1 866 225 $

Ducks

5 vs 5 Forward 
   Center                   Left Wing                Right Wing               Time % Phy DF OF 
 1 Ryan Johansen            Charles Linglet          Ryane Clowe              30     0   2  3  
 2 Mike Richards            Brooks Laich             Adam Taylor              28     0   2  3  
 3 Petteri Wirtanen         Marcus Johansson         David Moss               26     0   3  2  
 4 Jiri Hudler              Nicklas Bergfors         Bill Thomas              16     0   3  2  

5 vs 5 Defense 
   Defense                  Defense                                           Time % Phy DF OF 
 1 Raphael Diaz             Christopher Tanev                                 38     0   2  3  
 2 Dan Girardi              Justin Braun                                      37     0   2  3  
 3 Alexandre R. Picard      Craig Weller                                      25     0   4  1  
 4 Dan Girardi              Christopher Tanev                                 0      0   5  0  

PowerPlay Forward 
   Center                   Left Wing                Right Wing               Time % Phy DF OF 
 1 Mike Richards            Ryan Johansen            Adam Taylor              60     0   0  5  
 2 Petteri Wirtanen         Charles Linglet          Jiri Hudler              40     0   0  5  

PowerPlay Defense
   Defense                  Defense                                           Time % Phy DF OF 
 1 Alexandre R. Picard      Raphael Diaz                                      60     0   0  5  
 2 Justin Braun             Christopher Tanev                                 40     0   0  5  

Penalty Kill 4 Players Forward 
   Center                   Wing                     Time % Phy DF OF 
 1 Brooks Laich             Jiri Hudler              55     0   5  0  
 2 David Moss               Charles Linglet          45     0   5  0  

Penalty Kill 4 Players Defense
   Defense                  Defense                  Time % Phy DF OF 
 1 Dan Girardi              Christopher Tanev        55     0   5  0  
 2 Justin Braun             Raphael Diaz             45     0   5  0  

Penalty Kill - 3 Players Forward 
   Forward                                           Time % Phy DF OF 
 1 Brooks Laich                                      55     0   5  0  
 2 David Moss                                        45     0   5  0  

Penalty Kill - 3 Players Defense
   Defense                  Defense                  Time % Phy DF OF 
 1 Dan Girardi              Christopher Tanev        55     0   5  0  
 2 Justin Braun             Raphael Diaz             45     0   5  0  

4 vs 4 Forward 
   Center                   Wing                     Time % Phy DF OF 
 1 Ryan Johansen            Brooks Laich             55     0   3  2  
 2 Bill Thomas              Marcus Johansson         45     0   3  2  

4 vs 4 Defense
   Defense                  Defense                  Time % Phy DF OF 
 1 Alexandre R. Picard      Justin Braun             55     0   4  1  
 2 Raphael Diaz             Dan Girardi              45     0   4  1  

Last Minutes Offensive
   Center                   Left Wing                Right Wing               Defense                  Defense                  
   Mike Richards            Adam Taylor              Ryan Johansen            Raphael Diaz             Justin Braun             

Last Minutes Defensive
   Center                   Left Wing                Right Wing               Defense                  Defense                  
   Jiri Hudler              Mike Richards            Brooks Laich             Dan Girardi              Christopher Tanev        

Goaltenders
Starting : Jonathan Boutin          
Backup : Adam Dennis              

Extra Forwards
Normal : Adam Taylor, Ryan Johansen, Ryane Clowe - PP : Ryan Johansen, Ryane Clowe - PK : Ryane Clowe
Extra Defensemen
Normal : Justin Braun, Raphael Diaz, Dan Girardi - PP : Justin Braun - PK : Dan Girardi, Justin Braun
Penalty Shots
Mike Richards, Ryan Johansen, Adam Taylor, Jiri Hudler, Ryane Clowe
Custom OT Lines Forwards
Ryan Johansen, Marcus Johansson, Mike Richards, Adam Taylor, Nicklas Bergfors, David Moss, Petteri Wirtanen, Jiri Hudler, Brooks Laich, Charles Linglet
Custom OT Lines Defensemen
Justin Braun, Christopher Tanev, Raphael Diaz, Dan Girardi, Alexandre R. Picard

Scratches
Bryan Allen (Healthy), Nick Spaling (Healthy)

Oilers

5 vs 5 Forward 
   Center                   Left Wing                Right Wing               Time % Phy DF OF 
 1 Pavel Datsyuk            James Van Riemsdyk       Tim Connolly             35     0   2  3  
 2 Vincent Lecavalier       Daniel Sedin             Thomas Vanek             33     0   2  3  
 3 T.J. Galiardi            Mike Hoffman             J.P. Dumont              26     0   2  3  
 4 Jori Lehtera             Mark Arcobello           Ryan Carter              6      0   3  2  

5 vs 5 Defense 
   Defense                  Defense                                           Time % Phy DF OF 
 1 Tom Gilbert              Daniel Tjarnqvist                                 37     0   3  2  
 2 Andrej Sekera            Dougie Hamilton                                   35     0   3  2  
 3 Marc-Andre Gragnani      Jared Spurgeon                                    28     0   3  2  
 4 Tom Gilbert              Jared Spurgeon                                    0      0   3  2  

PowerPlay Forward 
   Center                   Left Wing                Right Wing               Time % Phy DF OF 
 1 Pavel Datsyuk            James Van Riemsdyk       Tim Connolly             50     0   0  5  
 2 Vincent Lecavalier       Daniel Sedin             Thomas Vanek             50     0   0  5  

PowerPlay Defense
   Defense                  Defense                                           Time % Phy DF OF 
 1 Tom Gilbert              Daniel Tjarnqvist                                 50     0   0  5  
 2 Jared Spurgeon           Andrej Sekera                                     50     0   0  5  

Penalty Kill 4 Players Forward 
   Center                   Wing                     Time % Phy DF OF 
 1 T.J. Galiardi            J.P. Dumont              50     0   5  0  
 2 Jori Lehtera             Mark Arcobello           50     0   5  0  

Penalty Kill 4 Players Defense
   Defense                  Defense                  Time % Phy DF OF 
 1 Tom Gilbert              Jared Spurgeon           50     0   5  0  
 2 Andrej Sekera            Daniel Tjarnqvist        50     0   5  0  

Penalty Kill - 3 Players Forward 
   Forward                                           Time % Phy DF OF 
 1 T.J. Galiardi                                     50     0   5  0  
 2 J.P. Dumont                                       50     0   5  0  

Penalty Kill - 3 Players Defense
   Defense                  Defense                  Time % Phy DF OF 
 1 Tom Gilbert              Jared Spurgeon           50     0   5  0  
 2 Andrej Sekera            Daniel Tjarnqvist        50     0   5  0  

4 vs 4 Forward 
   Center                   Wing                     Time % Phy DF OF 
 1 T.J. Galiardi            J.P. Dumont              50     0   2  3  
 2 Jori Lehtera             Mike Hoffman             50     0   2  3  

4 vs 4 Defense
   Defense                  Defense                  Time % Phy DF OF 
 1 Tom Gilbert              Daniel Tjarnqvist        50     0   3  2  
 2 Marc-Andre Gragnani      Jared Spurgeon           50     0   3  2  

Last Minutes Offensive
   Center                   Left Wing                Right Wing               Defense                  Defense                  
   Pavel Datsyuk            Vincent Lecavalier       Tim Connolly             Andrej Sekera            Tom Gilbert              

Last Minutes Defensive
   Center                   Left Wing                Right Wing               Defense                  Defense                  
   Pavel Datsyuk            Vincent Lecavalier       Tim Connolly             Tom Gilbert              Andrej Sekera            

Goaltenders
Starting : Ben Bishop               
Backup : Lars Johansson           

Extra Forwards
Normal : Vincent Lecavalier, Pavel Datsyuk, Tim Connolly - PP : Daniel Sedin, James Van Riemsdyk - PK : Thomas Vanek
Extra Defensemen
Normal : Andrej Sekera, Tom Gilbert, Daniel Tjarnqvist - PP : Andrej Sekera - PK : Tom Gilbert, Andrej Sekera
Penalty Shots
Thomas Vanek, Tim Connolly, Daniel Sedin, Pavel Datsyuk, Vincent Lecavalier
Custom OT Lines Forwards
Pavel Datsyuk, Daniel Sedin, Tim Connolly, Thomas Vanek, Vincent Lecavalier, J.P. Dumont, Mark Arcobello, Mike Hoffman, T.J. Galiardi, James Van Riemsdyk
Custom OT Lines Defensemen
Tom Gilbert, Andrej Sekera, Jared Spurgeon, Daniel Tjarnqvist, Dougie Hamilton

Scratches
None


% Time on Ice - Ducks

Lines # - Real PCT - Wanted PCT - Time Play
Normal Forward
1 - 31% - 30% - 15:17
2 - 28% - 28% - 13:40
3 - 26% - 26% - 12:48
4 - 15% - 16% - 7:25
Normal Defense
1 - 36% - 38% - 17:50
2 - 35% - 37% - 17:06
3 - 29% - 25% - 14:14
4 - 0% - 0% - 0:00
PP Forward
1 - 0% - 60% - 0:00
2 - 100% - 40% - 0:41
PP Defense
1 - 100% - 60% - 0:41
2 - 0% - 40% - 0:00
PK Forward
1 - 63% - 55% - 5:33
2 - 37% - 45% - 3:18
PK Defense
1 - 55% - 55% - 4:54
2 - 45% - 45% - 3:57
PK3 Forward
1 - 0% - 55%
2 - 0% - 45%
PK3 Defense
1 - 0% - 55%
2 - 0% - 45%
44 Forward
1 - 79% - 55% - 1:02
2 - 21% - 45% - 0:16
44 Defense
1 - 21% - 55% - 0:16
2 - 79% - 45% - 1:02
Last Minute Offensive  - 0:00
Last Minute Defensive  - 0:00
Total
Forward - 60:00
Defense - 60:00

% Time on Ice - Oilers

Lines # - Real PCT - Wanted PCT - Time Play
Normal Forward
1 - 34% - 35% - 16:40
2 - 31% - 33% - 15:16
3 - 24% - 26% - 11:37
4 - 11% - 6% - 5:37
Normal Defense
1 - 34% - 37% - 16:40
2 - 35% - 35% - 17:11
3 - 28% - 28% - 13:48
4 - 3% - 0% - 1:31
PP Forward
1 - 55% - 50% - 4:50
2 - 45% - 50% - 4:01
PP Defense
1 - 49% - 50% - 4:22
2 - 51% - 50% - 4:29
PK Forward
1 - 46% - 50% - 0:19
2 - 54% - 50% - 0:22
PK Defense
1 - 46% - 50% - 0:19
2 - 54% - 50% - 0:22
PK3 Forward
1 - 0% - 50%
2 - 0% - 50%
PK3 Defense
1 - 0% - 50%
2 - 0% - 50%
44 Forward
1 - 64% - 50% - 0:50
2 - 36% - 50% - 0:28
44 Defense
1 - 36% - 50% - 0:28
2 - 64% - 50% - 0:50
Last Minute Offensive  - 0:00
Last Minute Defensive  - 0:00
Total
Forward - 60:00
Defense - 60:00

Play by Play

1st period


0:01 of 1st period - Ryan Johansen wins face-off versus Pavel Datsyuk in neutral zone.
0:04 of 1st period - Tim Connolly is hit by Ryane Clowe.
0:05 of 1st period - Icing by Tim Connolly.
0:06 of 1st period - Pavel Datsyuk wins face-off versus Mike Richards in Oilers zone.
0:11 of 1st period - Shot by Mike Richards.
0:11 of 1st period - Stopped by Ben Bishop with a rebound.
0:21 of 1st period - Shot by James Van Riemsdyk.
0:21 of 1st period - Stopped by Jonathan Boutin with a rebound.
0:23 of 1st period - Shot by Pavel Datsyuk.
0:23 of 1st period - Stopped by Jonathan Boutin without a rebound.
0:24 of 1st period - Vincent Lecavalier wins face-off versus Petteri Wirtanen in Ducks zone.
0:28 of 1st period - Daniel Sedin is hit by Craig Weller and loses puck.
0:40 of 1st period - Daniel Sedin is hit by Craig Weller and loses puck.
0:51 of 1st period - Shot by Vincent Lecavalier.
0:51 of 1st period - Stopped by Jonathan Boutin without a rebound.
0:52 of 1st period - Ryan Johansen wins face-off versus T.J. Galiardi in Ducks zone.
1:08 of 1st period - Off-side.
1:09 of 1st period - Jori Lehtera wins face-off versus Jiri Hudler in neutral zone.
1:50 of 1st period - Shot by Mark Arcobello.
1:50 of 1st period - Shot Misses the Net.
3:23 of 1st period - Shot by Daniel Sedin.
3:23 of 1st period - Deflect By Vincent Lecavalier.
3:23 of 1st period - Goal by Vincent Lecavalier - Ducks : 0 - Oilers : 1.
3:24 of 1st period - J.P. Dumont wins face-off versus Petteri Wirtanen in neutral zone.
3:30 of 1st period - J.P. Dumont is hit by Dan Girardi.
3:34 of 1st period - Shot by Mike Hoffman.
3:34 of 1st period - Shot Misses the Net.
3:37 of 1st period - Minor Penalty to Dan Girardi for Hooking.
3:38 of 1st period - Pavel Datsyuk wins face-off versus Brooks Laich in Ducks zone.
3:43 of 1st period - Shot by James Van Riemsdyk.
3:43 of 1st period - Shot Misses the Net.
3:55 of 1st period - Shot by Daniel Tjarnqvist.
3:55 of 1st period - Shot Misses the Net.
3:57 of 1st period - Shot by Pavel Datsyuk.
3:57 of 1st period - Shot Blocked by Christopher Tanev.
3:59 of 1st period - Shot by Tim Connolly.
3:59 of 1st period - Shot Blocked by Brooks Laich.
4:01 of 1st period - Shot by Tim Connolly.
4:01 of 1st period - Stopped by Jonathan Boutin with a rebound.
4:03 of 1st period - Shot by Pavel Datsyuk.
4:03 of 1st period - Stopped by Jonathan Boutin with a rebound.
4:05 of 1st period - Shot by Pavel Datsyuk.
4:05 of 1st period - Shot Blocked by Christopher Tanev.
4:07 of 1st period - Shot by James Van Riemsdyk.
4:07 of 1st period - Stopped by Jonathan Boutin without a rebound.
4:08 of 1st period - Vincent Lecavalier wins face-off versus David Moss in Ducks zone.
4:16 of 1st period - Daniel Sedin is hit by Alexandre R. Picard and loses puck.
4:18 of 1st period - Minor Penalty to Vincent Lecavalier for Interference.
4:19 of 1st period - T.J. Galiardi wins face-off versus Ryan Johansen in Oilers zone.
4:54 of 1st period - Shot by Marc-Andre Gragnani.
4:54 of 1st period - Deflect By J.P. Dumont.
4:54 of 1st period - Shot Misses the Net.
4:56 of 1st period - Shot by T.J. Galiardi.
4:56 of 1st period - Deflect By J.P. Dumont.
4:56 of 1st period - Shot Misses the Net.
5:20 of 1st period - Off-side.
5:21 of 1st period - Jori Lehtera wins face-off versus Bill Thomas in neutral zone.
5:33 of 1st period - Shot by Bill Thomas.
5:33 of 1st period - Stopped by Ben Bishop without a rebound.
5:34 of 1st period - Jori Lehtera wins face-off versus Bill Thomas in Oilers zone.
5:42 of 1st period - Icing by Petteri Wirtanen.
5:43 of 1st period - Petteri Wirtanen wins face-off versus T.J. Galiardi in Ducks zone.
5:43 of 1st period - Petteri Wirtanen is hit by T.J. Galiardi.
6:07 of 1st period - Jori Lehtera is hit by Petteri Wirtanen and loses puck.
7:30 of 1st period - Shot by Mike Hoffman.
7:30 of 1st period - Stopped by Jonathan Boutin without a rebound.
7:31 of 1st period - Marcus Johansson wins face-off versus Vincent Lecavalier in Ducks zone.
7:46 of 1st period - Shot by Vincent Lecavalier.
7:46 of 1st period - Stopped by Jonathan Boutin without a rebound.
7:47 of 1st period - T.J. Galiardi wins face-off versus Ryan Johansen in Ducks zone.
8:22 of 1st period - Shot by Ryan Johansen.
8:22 of 1st period - Shot Misses the Net.
8:24 of 1st period - Shot by Craig Weller.
8:24 of 1st period - Stopped by Ben Bishop without a rebound.
8:25 of 1st period - Petteri Wirtanen wins face-off versus Vincent Lecavalier in Oilers zone.
8:44 of 1st period - David Moss is hit by Vincent Lecavalier and loses puck.
8:51 of 1st period - Shot by Daniel Sedin.
8:51 of 1st period - Stopped by Jonathan Boutin without a rebound.
8:52 of 1st period - Pavel Datsyuk wins face-off versus Jiri Hudler in Ducks zone.
8:55 of 1st period - Shot by Tim Connolly.
8:55 of 1st period - Deflect By James Van Riemsdyk.
8:55 of 1st period - Stopped by Jonathan Boutin with a rebound.
9:09 of 1st period - Shot by Raphael Diaz.
9:09 of 1st period - Stopped by Ben Bishop with a rebound.
9:53 of 1st period - Shot by Justin Braun.
9:53 of 1st period - Shot Hit the Post.
10:11 of 1st period - Minor Penalty to Dan Girardi for Hooking.
10:12 of 1st period - Vincent Lecavalier wins face-off versus Jiri Hudler in Ducks zone.
10:17 of 1st period - Shot by Vincent Lecavalier.
10:17 of 1st period - Shot Misses the Net.
10:58 of 1st period - Shot by Tim Connolly.
10:58 of 1st period - Shot Blocked by Justin Braun.
11:27 of 1st period - Icing by Andrej Sekera.
11:28 of 1st period - David Moss wins face-off versus Vincent Lecavalier in Oilers zone.
11:47 of 1st period - Shot by Andrej Sekera.
11:47 of 1st period - Shot Misses the Net.
11:49 of 1st period - Shot by Andrej Sekera.
11:49 of 1st period - Stopped by Jonathan Boutin without a rebound.
11:50 of 1st period - Pavel Datsyuk wins face-off versus David Moss in Ducks zone.
11:51 of 1st period - Shot by Andrej Sekera.
11:51 of 1st period - Shot Misses the Net.
12:08 of 1st period - Shot by Andrej Sekera.
12:08 of 1st period - Stopped by Jonathan Boutin without a rebound.
12:09 of 1st period - Brooks Laich wins face-off versus Daniel Sedin in Ducks zone.
12:17 of 1st period - Mike Hoffman is hit by Mike Richards.
12:29 of 1st period - Shot by Brooks Laich.
12:29 of 1st period - Stopped by Ben Bishop with a rebound.
12:33 of 1st period - Shot by Brooks Laich.
12:33 of 1st period - Stopped by Ben Bishop without a rebound.
12:34 of 1st period - Jori Lehtera wins face-off versus Ryane Clowe in Oilers zone.
12:34 of 1st period - Jori Lehtera is hit by Ryane Clowe.
13:34 of 1st period - Shot by Petteri Wirtanen.
13:34 of 1st period - Shot Misses the Net.
14:01 of 1st period - Shot by Petteri Wirtanen.
14:01 of 1st period - Shot Blocked by Tom Gilbert.
14:11 of 1st period - Shot by Thomas Vanek.
14:11 of 1st period - Stopped by Jonathan Boutin without a rebound.
14:12 of 1st period - Mike Richards wins face-off versus Pavel Datsyuk in Ducks zone.
14:43 of 1st period - Shot by Tim Connolly.
14:43 of 1st period - Stopped by Jonathan Boutin without a rebound.
14:44 of 1st period - Vincent Lecavalier wins face-off versus Ryan Johansen in Ducks zone.
15:20 of 1st period - Icing by Daniel Tjarnqvist.
15:21 of 1st period - Petteri Wirtanen wins face-off versus Vincent Lecavalier in Oilers zone.
15:48 of 1st period - David Moss is hit by Dougie Hamilton and loses puck.
16:31 of 1st period - Shot by Adam Taylor.
16:31 of 1st period - Stopped by Ben Bishop with a rebound.
16:33 of 1st period - Shot by Craig Weller.
16:33 of 1st period - Stopped by Ben Bishop without a rebound.
16:34 of 1st period - Ryan Johansen wins face-off versus Pavel Datsyuk in Oilers zone.
16:58 of 1st period - Shot by Tim Connolly.
16:58 of 1st period - Goal by Tim Connolly - Ducks : 0 - Oilers : 2.
16:59 of 1st period - Mike Richards wins face-off versus Vincent Lecavalier in neutral zone.
17:17 of 1st period - Shot by Adam Taylor.
17:17 of 1st period - Stopped by Ben Bishop with a rebound.
17:27 of 1st period - Shot by Adam Taylor.
17:27 of 1st period - Deflect By Mike Richards.
17:27 of 1st period - Shot Misses the Net.
17:29 of 1st period - Shot by Brooks Laich.
17:29 of 1st period - Stopped by Ben Bishop without a rebound.
17:30 of 1st period - Petteri Wirtanen wins face-off versus Pavel Datsyuk in Oilers zone.
17:49 of 1st period - Shot by Petteri Wirtanen.
17:49 of 1st period - Shot Blocked by Pavel Datsyuk.
17:51 of 1st period - Shot by Marcus Johansson.
17:51 of 1st period - Stopped by Ben Bishop without a rebound.
17:52 of 1st period - Ryan Johansen wins face-off versus T.J. Galiardi in Oilers zone.
17:57 of 1st period - Shot by Charles Linglet.
17:57 of 1st period - Stopped by Ben Bishop without a rebound.
17:58 of 1st period - Vincent Lecavalier wins face-off versus Ryan Johansen in Oilers zone.
18:03 of 1st period - Shot by Vincent Lecavalier.
18:03 of 1st period - Shot Misses the Net.
18:05 of 1st period - Shot by Daniel Sedin.
18:05 of 1st period - Stopped by Jonathan Boutin without a rebound.
18:06 of 1st period - Pavel Datsyuk wins face-off versus Petteri Wirtanen in Ducks zone.
18:17 of 1st period - Shot by Tim Connolly.
18:17 of 1st period - Shot Misses the Net.
19:18 of 1st period - Shot by Daniel Sedin.
19:18 of 1st period - Shot Blocked by Justin Braun.
19:20 of 1st period - Shot by Andrej Sekera.
19:20 of 1st period - Stopped by Jonathan Boutin without a rebound.
19:21 of 1st period - T.J. Galiardi wins face-off versus Ryan Johansen in Ducks zone.
19:22 of 1st period - Shot by Mike Hoffman.
19:22 of 1st period - Shot Blocked by Alexandre R. Picard.
19:24 of 1st period - Shot by T.J. Galiardi.
19:24 of 1st period - Shot Misses the Net.
19:27 of 1st period - Minor Penalty to Craig Weller for Holding.
19:28 of 1st period - Vincent Lecavalier wins face-off versus Brooks Laich in Ducks zone.
19:33 of 1st period - Shot by Andrej Sekera.
19:33 of 1st period - Stopped by Jonathan Boutin with a rebound.
19:35 of 1st period - Shot by Daniel Sedin.
19:35 of 1st period - Goal by Daniel Sedin - Ducks : 0 - Oilers : 3.
19:36 of 1st period - Ryan Johansen wins face-off versus T.J. Galiardi in neutral zone.
19:46 of 1st period - Icing by T.J. Galiardi.
19:47 of 1st period - T.J. Galiardi wins face-off versus Jiri Hudler in Oilers zone.
Goals for this period are 0 for Ducks vs 3 for Oilers.
Shots for this period are 12 for Ducks vs 20 for Oilers.

2nd period


0:01 of 2nd period - Mike Richards wins face-off versus Vincent Lecavalier in neutral zone.
0:17 of 2nd period - Shot by Mike Richards.
0:17 of 2nd period - Stopped by Ben Bishop with a rebound.
0:25 of 2nd period - Shot by Adam Taylor.
0:25 of 2nd period - Stopped by Ben Bishop without a rebound.
0:26 of 2nd period - Charles Linglet wins face-off versus Pavel Datsyuk in Oilers zone.
0:34 of 2nd period - Dougie Hamilton is hit by Dan Girardi and loses puck.
0:37 of 2nd period - Shot by Tim Connolly.
0:37 of 2nd period - Shot Hit the Post.
0:40 of 2nd period - Minor Penalty to Dan Girardi for Hooking.
0:41 of 2nd period - Vincent Lecavalier wins face-off versus Brooks Laich in Ducks zone.
0:44 of 2nd period - Shot by Tom Gilbert.
0:44 of 2nd period - Stopped by Jonathan Boutin with a rebound.
0:46 of 2nd period - Shot by Thomas Vanek.
0:46 of 2nd period - Goal by Thomas Vanek - Ducks : 0 - Oilers : 4.
0:46 of 2nd period - Adam Dennis enters game.
0:47 of 2nd period - Ryan Johansen wins face-off versus Pavel Datsyuk in neutral zone.
0:47 of 2nd period - Christopher Tanev is hit by James Van Riemsdyk and loses puck.
0:51 of 2nd period - Raphael Diaz is hit by Pavel Datsyuk and loses puck.
1:31 of 2nd period - Christopher Tanev is hit by Dougie Hamilton and loses puck.
2:17 of 2nd period - Shot by Nicklas Bergfors.
2:17 of 2nd period - Shot Misses the Net.
2:38 of 2nd period - Justin Braun is hit by Jared Spurgeon and loses puck.
3:15 of 2nd period - Shot by J.P. Dumont.
3:15 of 2nd period - Stopped by Adam Dennis without a rebound.
3:16 of 2nd period - Jori Lehtera wins face-off versus Petteri Wirtanen in Ducks zone.
3:36 of 2nd period - Off-side.
3:37 of 2nd period - Mike Richards wins face-off versus Pavel Datsyuk in neutral zone.
4:05 of 2nd period - Shot by Tim Connolly.
4:05 of 2nd period - Shot Misses the Net.
4:46 of 2nd period - Shot by Jared Spurgeon.
4:46 of 2nd period - Deflect By Daniel Sedin.
4:46 of 2nd period - Shot Blocked by Ryan Johansen.
4:48 of 2nd period - Shot by Jared Spurgeon.
4:48 of 2nd period - Shot Blocked by Christopher Tanev.
4:58 of 2nd period - Shot by Daniel Sedin.
4:58 of 2nd period - Stopped by Adam Dennis without a rebound.
4:59 of 2nd period - Petteri Wirtanen wins face-off versus Mike Hoffman in Ducks zone.
5:22 of 2nd period - Shot by Mike Hoffman.
5:22 of 2nd period - Goal by Mike Hoffman - Ducks : 0 - Oilers : 5.
5:23 of 2nd period - Pavel Datsyuk wins face-off versus Ryan Johansen in neutral zone.
5:37 of 2nd period - Shot by Tim Connolly.
5:37 of 2nd period - Shot Misses the Net.
5:39 of 2nd period - Shot by Tom Gilbert.
5:39 of 2nd period - Shot Misses the Net.
6:17 of 2nd period - Shot by Daniel Sedin.
6:17 of 2nd period - Stopped by Adam Dennis without a rebound.
6:18 of 2nd period - Petteri Wirtanen wins face-off versus T.J. Galiardi in Ducks zone.
6:23 of 2nd period - Shot by Marcus Johansson.
6:23 of 2nd period - Shot Misses the Net.
6:33 of 2nd period - Shot by T.J. Galiardi.
6:33 of 2nd period - Shot Misses the Net.
6:35 of 2nd period - Shot by T.J. Galiardi.
6:35 of 2nd period - Stopped by Adam Dennis without a rebound.
6:36 of 2nd period - Adam Taylor wins face-off versus Daniel Sedin in Ducks zone.
6:36 of 2nd period - Adam Taylor is hit by Vincent Lecavalier.
7:12 of 2nd period - Shot by Mike Richards.
7:12 of 2nd period - Shot Misses the Net.
7:14 of 2nd period - Shot by Brooks Laich.
7:14 of 2nd period - Shot Blocked by Dougie Hamilton.
7:16 of 2nd period - Shot by Adam Taylor.
7:16 of 2nd period - Shot Blocked by Vincent Lecavalier.
7:18 of 2nd period - Shot by Mike Richards.
7:18 of 2nd period - Shot Misses the Net.
7:20 of 2nd period - Shot by Brooks Laich.
7:20 of 2nd period - Shot Misses the Net.
7:42 of 2nd period - Marcus Johansson is hit by Mike Hoffman and loses puck.
8:52 of 2nd period - Pavel Datsyuk is hit by Raphael Diaz.
9:11 of 2nd period - Minor Penalty to Raphael Diaz for Holding.
9:12 of 2nd period - Vincent Lecavalier wins face-off versus Brooks Laich in Ducks zone.
9:24 of 2nd period - Shot by Andrej Sekera.
9:24 of 2nd period - Shot Misses the Net.
9:26 of 2nd period - Shot by Thomas Vanek.
9:26 of 2nd period - Stopped by Adam Dennis without a rebound.
9:27 of 2nd period - Vincent Lecavalier wins face-off versus Brooks Laich in Ducks zone.
9:34 of 2nd period - Shot by Andrej Sekera.
9:34 of 2nd period - Shot Misses the Net.
10:16 of 2nd period - Shot by Tom Gilbert.
10:16 of 2nd period - Shot Misses the Net.
10:25 of 2nd period - Icing by Tim Connolly.
10:26 of 2nd period - Pavel Datsyuk wins face-off versus David Moss in Oilers zone.
10:50 of 2nd period - Shot by Tom Gilbert.
10:50 of 2nd period - Shot Misses the Net.
11:34 of 2nd period - Shot by Ryan Johansen.
11:34 of 2nd period - Shot Misses the Net.
11:37 of 2nd period - Icing by Andrej Sekera.
11:38 of 2nd period - Mike Richards wins face-off versus T.J. Galiardi in Oilers zone.
11:39 of 2nd period - Shot by Adam Taylor.
11:39 of 2nd period - Stopped by Ben Bishop without a rebound.
11:40 of 2nd period - Vincent Lecavalier wins face-off versus Mike Richards in Oilers zone.
12:17 of 2nd period - Shot by Adam Taylor.
12:17 of 2nd period - Stopped by Ben Bishop without a rebound.
12:18 of 2nd period - Pavel Datsyuk wins face-off versus Jiri Hudler in Oilers zone.
13:09 of 2nd period - Icing by Andrej Sekera.
13:10 of 2nd period - Petteri Wirtanen wins face-off versus Pavel Datsyuk in Oilers zone.
14:20 of 2nd period - Minor Penalty to Craig Weller for Holding.
14:21 of 2nd period - Pavel Datsyuk wins face-off versus Brooks Laich in Ducks zone.
15:10 of 2nd period - Daniel Tjarnqvist is hit by Ryane Clowe and loses puck.
15:45 of 2nd period - Shot by Andrej Sekera.
15:45 of 2nd period - Stopped by Adam Dennis without a rebound.
15:46 of 2nd period - Vincent Lecavalier wins face-off versus Brooks Laich in Ducks zone.
16:00 of 2nd period - Icing by Thomas Vanek.
16:01 of 2nd period - David Moss wins face-off versus Vincent Lecavalier in Oilers zone.
16:02 of 2nd period - Shot by Charles Linglet.
16:02 of 2nd period - Stopped by Ben Bishop with a rebound.
16:04 of 2nd period - Shot by Dan Girardi.
16:04 of 2nd period - Shot Blocked by Jared Spurgeon.
16:06 of 2nd period - Shot by Charles Linglet.
16:06 of 2nd period - Stopped by Ben Bishop without a rebound.
16:07 of 2nd period - Pavel Datsyuk wins face-off versus Brooks Laich in Oilers zone.
16:54 of 2nd period - Shot by Ryan Johansen.
16:54 of 2nd period - Shot Blocked by Marc-Andre Gragnani.
16:56 of 2nd period - Shot by Craig Weller.
16:56 of 2nd period - Stopped by Ben Bishop without a rebound.
16:57 of 2nd period - Pavel Datsyuk wins face-off versus Mike Richards in Oilers zone.
17:06 of 2nd period - Shot by James Van Riemsdyk.
17:06 of 2nd period - Stopped by Adam Dennis without a rebound.
17:07 of 2nd period - Vincent Lecavalier wins face-off versus Petteri Wirtanen in Ducks zone.
18:01 of 2nd period - Daniel Tjarnqvist is hit by Petteri Wirtanen and loses puck.
18:24 of 2nd period - Shot by Pavel Datsyuk.
18:24 of 2nd period - Shot Misses the Net.
19:20 of 2nd period - Craig Weller is hit by Mike Hoffman and loses puck.
19:58 of 2nd period - Icing by Dougie Hamilton.
19:59 of 2nd period - Jori Lehtera wins face-off versus Jiri Hudler in Oilers zone.
Goals for this period are 0 for Ducks vs 2 for Oilers.
Shots for this period are 7 for Ducks vs 10 for Oilers.

3rd period


0:01 of 3rd period - Vincent Lecavalier wins face-off versus Mike Richards in neutral zone.
0:01 of 3rd period - Vincent Lecavalier is hit by Mike Richards.
0:10 of 3rd period - Icing by Christopher Tanev.
0:11 of 3rd period - Tim Connolly wins face-off versus Mike Richards in Ducks zone.
0:11 of 3rd period - Tim Connolly is hit by Christopher Tanev.
0:15 of 3rd period - Shot by Tim Connolly.
0:15 of 3rd period - Shot Blocked by Raphael Diaz.
0:17 of 3rd period - Shot by Pavel Datsyuk.
0:17 of 3rd period - Deflect By Tim Connolly.
0:17 of 3rd period - Stopped by Adam Dennis without a rebound.
0:18 of 3rd period - Ryan Johansen wins face-off versus Vincent Lecavalier in Ducks zone.
0:28 of 3rd period - Daniel Sedin is hit by Christopher Tanev and loses puck.
0:36 of 3rd period - Charles Linglet is hit by Tom Gilbert and loses puck.
0:42 of 3rd period - Icing by Thomas Vanek.
0:43 of 3rd period - Mike Richards wins face-off versus Vincent Lecavalier in Oilers zone.
1:04 of 3rd period - Shot by Mike Richards.
1:04 of 3rd period - Shot Misses the Net.
1:09 of 3rd period - Icing by Daniel Sedin.
1:10 of 3rd period - Vincent Lecavalier wins face-off versus Ryan Johansen in Oilers zone.
1:10 of 3rd period - Vincent Lecavalier is hit by Charles Linglet.
1:42 of 3rd period - Shot by Ryan Johansen.
1:42 of 3rd period - Shot Blocked by Pavel Datsyuk.
2:35 of 3rd period - Off-side.
2:36 of 3rd period - Jori Lehtera wins face-off versus Jiri Hudler in neutral zone.
2:36 of 3rd period - Marc-Andre Gragnani is hit by Craig Weller and loses puck.
2:46 of 3rd period - Icing by Jiri Hudler.
2:47 of 3rd period - J.P. Dumont wins face-off versus Jiri Hudler in Ducks zone.
3:47 of 3rd period - Shot by Tim Connolly.
3:47 of 3rd period - Shot Blocked by Raphael Diaz.
3:49 of 3rd period - Shot by Tim Connolly.
3:49 of 3rd period - Shot Misses the Net.
4:19 of 3rd period - Shot by Tim Connolly.
4:19 of 3rd period - Shot Misses the Net.
4:21 of 3rd period - Shot by Pavel Datsyuk.
4:21 of 3rd period - Deflect By Tim Connolly.
4:21 of 3rd period - Stopped by Adam Dennis without a rebound.
4:22 of 3rd period - Mike Richards wins face-off versus Daniel Sedin in Ducks zone.
4:38 of 3rd period - Shot by Thomas Vanek.
4:38 of 3rd period - Stopped by Adam Dennis without a rebound.
4:39 of 3rd period - Ryan Johansen wins face-off versus Mark Arcobello in Ducks zone.
4:49 of 3rd period - Icing by Marc-Andre Gragnani.
4:50 of 3rd period - Jori Lehtera wins face-off versus Mike Richards in Oilers zone.
4:57 of 3rd period - Icing by Dan Girardi.
4:58 of 3rd period - Vincent Lecavalier wins face-off versus Mike Richards in Ducks zone.
7:05 of 3rd period - Shot by Ryan Johansen.
7:05 of 3rd period - Stopped by Ben Bishop without a rebound.
7:06 of 3rd period - Jori Lehtera wins face-off versus Petteri Wirtanen in Oilers zone.
7:40 of 3rd period - Shot by Petteri Wirtanen.
7:40 of 3rd period - Shot Misses the Net.
8:38 of 3rd period - Shot by Ryan Johansen.
8:38 of 3rd period - Stopped by Ben Bishop with a rebound.
9:20 of 3rd period - Shot by Jiri Hudler.
9:20 of 3rd period - Shot Misses the Net.
9:26 of 3rd period - Shot by Mike Hoffman.
9:26 of 3rd period - Shot Misses the Net.
9:34 of 3rd period - Shot by Mike Hoffman.
9:34 of 3rd period - Stopped by Adam Dennis with a rebound.
9:38 of 3rd period - Shot by J.P. Dumont.
9:38 of 3rd period - Shot Blocked by Justin Braun.
9:40 of 3rd period - Shot by T.J. Galiardi.
9:40 of 3rd period - Shot Misses the Net.
9:42 of 3rd period - Shot by J.P. Dumont.
9:42 of 3rd period - Stopped by Adam Dennis with a rebound.
10:00 of 3rd period - Dan Girardi is hit by James Van Riemsdyk and loses puck.
10:18 of 3rd period - Shot by Pavel Datsyuk.
10:18 of 3rd period - Shot Misses the Net.
10:20 of 3rd period - Shot by Tim Connolly.
10:20 of 3rd period - Shot Misses the Net.
10:22 of 3rd period - Shot by Marc-Andre Gragnani.
10:22 of 3rd period - Stopped by Adam Dennis without a rebound.
10:23 of 3rd period - Ryan Johansen wins face-off versus Jori Lehtera in Ducks zone.
10:23 of 3rd period - Ryan Johansen is hit by Mark Arcobello.
10:36 of 3rd period - Icing by Jared Spurgeon.
10:37 of 3rd period - Jori Lehtera wins face-off versus Petteri Wirtanen in Oilers zone.
10:37 of 3rd period - Jori Lehtera is hit by Petteri Wirtanen.
10:54 of 3rd period - Icing by Tom Gilbert.
10:55 of 3rd period - Jori Lehtera wins face-off versus Ryan Johansen in Oilers zone.
11:06 of 3rd period - Raphael Diaz is hit by Ryan Carter and loses puck.
11:22 of 3rd period - Ryan Johansen is hit by Jared Spurgeon and loses puck.
11:31 of 3rd period - Shot by Ryane Clowe.
11:31 of 3rd period - Deflect By Ryan Johansen.
11:31 of 3rd period - Shot Misses the Net.
11:38 of 3rd period - Ryan Johansen is hit by Jared Spurgeon and loses puck.
11:48 of 3rd period - Jared Spurgeon is hit by Craig Weller and loses puck.
12:17 of 3rd period - Shot by Mike Richards.
12:17 of 3rd period - Shot Misses the Net.
12:19 of 3rd period - Shot by Brooks Laich.
12:19 of 3rd period - Shot Misses the Net.
12:21 of 3rd period - Shot by Mike Richards.
12:21 of 3rd period - Shot Misses the Net.
12:23 of 3rd period - Shot by Mike Richards.
12:23 of 3rd period - Shot Misses the Net.
12:25 of 3rd period - Shot by Mike Richards.
12:25 of 3rd period - Shot Misses the Net.
12:27 of 3rd period - Shot by Mike Richards.
12:27 of 3rd period - Shot Misses the Net.
12:47 of 3rd period - Shot by Marcus Johansson.
12:47 of 3rd period - Deflect By Petteri Wirtanen.
12:47 of 3rd period - Shot Misses the Net.
12:49 of 3rd period - Shot by Dan Girardi.
12:49 of 3rd period - Shot Blocked by Andrej Sekera.
13:03 of 3rd period - Shot by Dan Girardi.
13:03 of 3rd period - Shot Blocked by Andrej Sekera.
13:05 of 3rd period - Shot by David Moss.
13:05 of 3rd period - Goal by David Moss - Ducks : 1 - Oilers : 5.
13:06 of 3rd period - Vincent Lecavalier wins face-off versus Jiri Hudler in neutral zone.
14:15 of 3rd period - Shot by Daniel Tjarnqvist.
14:15 of 3rd period - Goal by Daniel Tjarnqvist - Ducks : 1 - Oilers : 6.
14:16 of 3rd period - T.J. Galiardi wins face-off versus Mike Richards in neutral zone.
14:20 of 3rd period - Tom Gilbert is hit by Dan Girardi.
14:22 of 3rd period - Shot by J.P. Dumont.
14:22 of 3rd period - Shot Misses the Net.
14:24 of 3rd period - Shot by T.J. Galiardi.
14:24 of 3rd period - Shot Blocked by Dan Girardi.
14:35 of 3rd period - Minor Penalty to Dan Girardi for Tripping.
14:36 of 3rd period - Brooks Laich wins face-off versus Pavel Datsyuk in Ducks zone.
14:36 of 3rd period - Brooks Laich is hit by James Van Riemsdyk.
14:45 of 3rd period - Icing by Pavel Datsyuk.
14:46 of 3rd period - Brooks Laich wins face-off versus Pavel Datsyuk in Oilers zone.
14:46 of 3rd period - Christopher Tanev is hit by Daniel Tjarnqvist.
15:08 of 3rd period - Shot by Tim Connolly.
15:08 of 3rd period - Shot Misses the Net.
15:10 of 3rd period - Shot by Tom Gilbert.
15:10 of 3rd period - Shot Misses the Net.
15:25 of 3rd period - Off-side.
15:26 of 3rd period - Vincent Lecavalier wins face-off versus David Moss in neutral zone.
17:09 of 3rd period - Shot by Adam Taylor.
17:09 of 3rd period - Shot Misses the Net.
17:16 of 3rd period - Icing by T.J. Galiardi.
17:17 of 3rd period - Petteri Wirtanen wins face-off versus Mike Hoffman in Oilers zone.
17:43 of 3rd period - Icing by T.J. Galiardi.
17:44 of 3rd period - Ryan Johansen wins face-off versus T.J. Galiardi in Oilers zone.
17:45 of 3rd period - Shot by Ryane Clowe.
17:45 of 3rd period - Stopped by Ben Bishop without a rebound.
17:46 of 3rd period - Ryan Johansen wins face-off versus James Van Riemsdyk in Oilers zone.
17:52 of 3rd period - Tim Connolly is hit by Raphael Diaz and loses puck.
18:01 of 3rd period - Shot by Tim Connolly.
18:01 of 3rd period - Shot Misses the Net.
18:05 of 3rd period - Shot by Pavel Datsyuk.
18:05 of 3rd period - Shot Misses the Net.
18:07 of 3rd period - Shot by Pavel Datsyuk.
18:07 of 3rd period - Stopped by Adam Dennis without a rebound.
18:08 of 3rd period - Vincent Lecavalier wins face-off versus Petteri Wirtanen in Ducks zone.
Goals for this period are 1 for Ducks vs 1 for Oilers.
Shots for this period are 4 for Ducks vs 8 for Oilers.